TOP OF THE 1ST |
Tennessee Smokies batting - Pitching for Colorado (EL) Rockies : RHP Pei Xie
|
Pitching: RHP Pei Xie
|
|
Batting: RHB Eric Wiss
|
0-0: Ball 1-0: SINGLE (Line Drive, 4M, EV 95.0 MPH)
|
Batting: RHB David Barnard
|
0-0: Foul Ball, location: 2F 0-1: Ball 1-1: Ball 2-1: Ball Eric Wiss steals 2nd, throwing error, E2 Eric Wiss to third 3-1: Foul Ball, location: 2F 3-2: Ground out 6-3 (Groundball, 56, EV 102.5 MPH) Eric Wiss scores
|
Batting: RHB Brad Santanello
|
0-0: Fly out, F8 (Flyball, 8LM, EV 96.9 MPH)
|
Batting: LHB Angel Oropeza
|
0-0: Ball 1-0: Fly out, F4 (Popup, 3S, EV 88.1 MPH)
|
Top of the 1st over - 1 run, 1 hit, 1 error, 0 left on base; Tennessee 1 - Colorado (EL) 0 |
BOTTOM OF THE 1ST |
Colorado (EL) Rockies batting - Pitching for Tennessee Smokies : RHP Jake Newman
|
Pitching: RHP Jake Newman
|
|
Batting: SHB Bobby Santor
|
0-0: Ball 1-0: Ball 2-0: Ball 3-0: Called Strike 3-1: Called Strike 3-2: Foul Ball, location: 2F 3-2: Foul Ball, location: 2F 3-2: SINGLE (Line Drive, 4M, EV 96.2 MPH)
|
Batting: RHB Kevin Tangeman
|
0-0: Foul Ball, location: 2F 0-1: Called Strike 0-2: Ball 1-2: Ball 2-2: Strikes out swinging
|
Batting: RHB John Corfield
|
0-0: Called Strike 0-1: Called Strike 0-2: Ball 1-2: Foul Ball, location: 2F 1-2: DOUBLE (Line Drive, 8LXD, EV 99.4 MPH) Bobby Santor to third Runner from 3rd tries for Home, SAFE, throw by CF to home
|
Batting: RHB Ray Insley
|
0-0: Ball 1-0: Ball 2-0: Ball 3-0: Called Strike 3-1: Base on Balls
|
Batting: RHB Chris Osting
|
0-0: Fielders Choice at 2nd, 6-4 (Groundball, 6, EV 100.6 MPH) John Corfield to third
|
Batting: RHB Juan Gallardo
|
0-0: Foul Ball, location: 2F 0-1: Ball 1-1: Foul Ball, location: 2F 1-2: SINGLE (Groundball, P, EV 85.6 MPH) (infield hit) John Corfield scores Chris Osting to second
|
Batting: LHB Tom Bemis
|
0-0: Ball 1-0: Foul Ball, location: 2F 1-1: Ball 2-1: Foul Ball, location: 2F 2-2: Foul Ball, location: 2F 2-2: Fly out, F9 (Flyball, 9, EV 81.9 MPH)
|
Bottom of the 1st over - 2 runs, 3 hits, 0 errors, 2 left on base; Tennessee 1 - Colorado (EL) 2 |
TOP OF THE 2ND |
Tennessee Smokies batting - Pitching for Colorado (EL) Rockies : RHP Pei Xie
|
Batting: RHB Armando Vilano
|
0-0: Ball 1-0: Swinging Strike 1-1: Foul Ball, location: 2F 1-2: Strikes out swinging
|
Batting: RHB Tim Long
|
0-0: Ground out 6-3 (Groundball, 6S, EV 80.0 MPH)
|
Batting: RHB Sung-hwan Jung
|
0-0: Ground out 6-3 (Groundball, 6, EV 85.0 MPH)
|
Top of the 2nd over - 0 runs, 0 hits, 0 errors, 0 left on base; Tennessee 1 - Colorado (EL) 2 |
BOTTOM OF THE 2ND |
Colorado (EL) Rockies batting - Pitching for Tennessee Smokies : RHP Jake Newman
|
Batting: RHB Gashie Chimsima
|
0-0: Called Strike 0-1: Ball 1-1: Foul Ball, location: 2F 1-2: Foul Ball, location: 2F 1-2: Strikes out looking
|
Batting: RHB Pei Xie
|
0-0: Bunt for hit to 3S - play at first, batter OUT! 3-4
|
Batting: SHB Bobby Santor
|
0-0: Ball 1-0: Foul Ball, location: 2F 1-1: Foul Ball, location: 2F 1-2: Foul Ball, location: 2F 1-2: Ground out 4-3 (Groundball, 4, EV 110.6 MPH)
|
Bottom of the 2nd over - 0 runs, 0 hits, 0 errors, 0 left on base; Tennessee 1 - Colorado (EL) 2 |
TOP OF THE 3RD |
Tennessee Smokies batting - Pitching for Colorado (EL) Rockies : RHP Pei Xie
|
Batting: RHB Jonathan Sotelo
|
0-0: SINGLE (Groundball, 6MD, EV 96.9 MPH)
|
Batting: RHB Jerry Blas
|
0-0: Called Strike 0-1: Ball 1-1: Fly out, F9 (Flyball, 9S, EV 90.6 MPH)
|
Batting: RHB Eric Wiss
|
0-0: Called Strike 0-1: Fly out, F7 (Flyball, 7D, EV 95.0 MPH)
|
Batting: RHB David Barnard
|
0-0: Called Strike 0-1: DOUBLE (Flyball, 8RXD, EV 106.9 MPH) Jonathan Sotelo to third
|
Batting: RHB Brad Santanello
|
0-0: Ball 1-0: Ball 2-0: SINGLE (Groundball, 4MD, EV 96.2 MPH) Jonathan Sotelo scores David Barnard to third Runner from 3rd tries for Home, SAFE, throw by CF to home Brad Santanello to second
|
Batting: LHB Angel Oropeza
|
0-0: Ball 1-0: Ball 2-0: Ball 3-0: Base on Balls
|
Batting: RHB Armando Vilano
|
0-0: Swinging Strike 0-1: Ground out 6-3 (Groundball, 6M, EV 107.5 MPH)
|
Top of the 3rd over - 2 runs, 3 hits, 0 errors, 2 left on base; Tennessee 3 - Colorado (EL) 2 |
BOTTOM OF THE 3RD |
Colorado (EL) Rockies batting - Pitching for Tennessee Smokies : RHP Jake Newman
|
Batting: RHB Kevin Tangeman
|
0-0: Ball 1-0: Ball 2-0: Ball 3-0: Foul Ball, location: 2F 3-1: Base on Balls
|
Batting: RHB John Corfield
|
0-0: Called Strike 0-1: Ball 1-1: Swinging Strike 1-2: Ball 2-2: Foul Ball, location: 2F 2-2: Strikes out swinging
|
Batting: RHB Ray Insley
|
0-0: Ball 1-0: Reached on error, E6 (Groundball, 6, EV 100.0 MPH) Kevin Tangeman to second
|
Batting: RHB Chris Osting
|
0-0: Ball 1-0: Called Strike 1-1: SINGLE (Line Drive, 89M, EV 89.4 MPH) Kevin Tangeman to third Ray Insley to second
|
Batting: RHB Juan Gallardo
|
0-0: Ball 1-0: Ball Wild Pitch! Kevin Tangeman scores Ray Insley to third Chris Osting to second 2-0: Called Strike 2-1: Foul Ball, location: 2F 2-2: SINGLE (Flyball, 7LS, EV 86.9 MPH) Ray Insley scores Chris Osting to third
|
Batting: LHB Tom Bemis
|
0-0: Ball 1-0: Ball 2-0: Called Strike 2-1: Swinging Strike 2-2: Fly out, F8 (Flyball, 89D, EV 100.0 MPH) Runner from 3rd tags up, SCORES, throw by CF
|
Pitching: RHP Karl Stuart
|
|
Batting: RHB Gashie Chimsima
|
0-0: Ball 1-0: Ball 2-0: Foul Ball, location: 2F 2-1: Ball 3-1: Called Strike 3-2: SINGLE (Groundball, 6, EV 96.9 MPH) Juan Gallardo to second Juan Gallardo to third
|
Batting: RHB Pei Xie
|
0-0: Fly out, F8 (Line Drive, 8LD, EV 107.5 MPH)
|
Bottom of the 3rd over - 3 runs, 3 hits, 1 error, 2 left on base; Tennessee 3 - Colorado (EL) 5 |
TOP OF THE 4TH |
Tennessee Smokies batting - Pitching for Colorado (EL) Rockies : RHP Pei Xie
|
Batting: RHB Tim Long
|
0-0: Ball 1-0: Ball 2-0: Ball 3-0: Called Strike 3-1: Base on Balls
|
Batting: RHB Sung-hwan Jung
|
0-0: Called Strike 0-1: Foul Ball, location: 2F 0-2: Grounds into double play, 4-6-3 (Groundball, 4S, EV 92.5 MPH)
|
Batting: RHB Jonathan Sotelo
|
0-0: Ball 1-0: Called Strike 1-1: Ball 2-1: Foul Ball, location: 2F 2-2: Foul Ball, location: 2F 2-2: Strikes out swinging
|
Top of the 4th over - 0 runs, 0 hits, 0 errors, 0 left on base; Tennessee 3 - Colorado (EL) 5 |
BOTTOM OF THE 4TH |
Colorado (EL) Rockies batting - Pitching for Tennessee Smokies : RHP Karl Stuart
|
Batting: SHB Bobby Santor
|
0-0: Foul Ball, location: 2F 0-1: Foul Ball, location: 2F 0-2: Ground out U3 (Groundball, 3, EV 81.2 MPH)
|
Batting: RHB Kevin Tangeman
|
0-0: Foul Ball, location: 2F 0-1: Ball 1-1: Called Strike 1-2: Strikes out looking
|
Batting: RHB John Corfield
|
0-0: Swinging Strike 0-1: Ball 1-1: Foul Ball, location: 2F 1-2: Ground out 5-3 (Groundball, 56, EV 83.8 MPH)
|
Bottom of the 4th over - 0 runs, 0 hits, 0 errors, 0 left on base; Tennessee 3 - Colorado (EL) 5 |
TOP OF THE 5TH |
Tennessee Smokies batting - Pitching for Colorado (EL) Rockies : RHP Pei Xie
|
Batting: RHB Jerry Blas
|
0-0: Ball 1-0: Called Strike 1-1: Ball 2-1: Ground out 5-3 (Groundball, 56, EV 99.4 MPH)
|
Batting: RHB Eric Wiss
|
0-0: Fly out, F5 (Line Drive, 5, EV 76.9 MPH)
|
Batting: RHB David Barnard
|
0-0: Ball 1-0: SINGLE (Groundball, 56D, EV 95.0 MPH)
|
Batting: RHB Brad Santanello
|
0-0: Called Strike 0-1: Swinging Strike 0-2: Ball 1-2: Ball 2-2: Ball 3-2: Foul Ball, location: 2F 3-2: Foul Ball, location: 2F 3-2: Strikes out looking
|
Top of the 5th over - 0 runs, 1 hit, 0 errors, 1 left on base; Tennessee 3 - Colorado (EL) 5 |
BOTTOM OF THE 5TH |
Colorado (EL) Rockies batting - Pitching for Tennessee Smokies : RHP Karl Stuart
|
Batting: RHB Ray Insley
|
0-0: Fly out, F7 (Flyball, 78S, EV 88.8 MPH)
|
Batting: RHB Chris Osting
|
0-0: Foul Ball, location: 2F 0-1: Ball 1-1: Foul Ball, location: 2F 1-2: Foul Ball, location: 2F 1-2: Foul Ball, location: 2F 1-2: Ball 2-2: Ball 3-2: SOLO HOME RUN (Flyball, 7LD, EV 95.6 MPH), Distance : 325 ft
|
Batting: RHB Juan Gallardo
|
0-0: Ball 1-0: Ball 2-0: SINGLE (Groundball, 6MD, EV 102.5 MPH)
|
Batting: LHB Tom Bemis
|
0-0: Ball 1-0: Fly out, F9 (Flyball, 9LS, EV 86.9 MPH)
|
Batting: RHB Gashie Chimsima
|
0-0: Ball 1-0: Ball 2-0: Called Strike 2-1: Foul Ball, location: 2F 2-2: Ball 3-2: Base on Balls Juan Gallardo to second
|
Batting: RHB Pei Xie
|
0-0: Called Strike 0-1: Called Strike 0-2: Ball 1-2: Ball 2-2: Fielders Choice at 2nd, 6-4 (Groundball, 6, EV 90.0 MPH)
|
Bottom of the 5th over - 1 run, 2 hits, 0 errors, 2 left on base; Tennessee 3 - Colorado (EL) 6 |
TOP OF THE 6TH |
Tennessee Smokies batting - Pitching for Colorado (EL) Rockies : RHP Pei Xie
|
Batting: LHB Angel Oropeza
|
0-0: Called Strike 0-1: Called Strike 0-2: Ball 1-2: Foul Ball, location: 2F 1-2: Ground out 5-3 (Groundball, 6, EV 90.6 MPH)
|
Batting: RHB Armando Vilano
|
0-0: Foul Ball, location: 2F 0-1: Ball 1-1: Swinging Strike 1-2: Strikes out swinging
|
Batting: RHB Tim Long
|
0-0: Called Strike 0-1: Foul Ball, location: 2F 0-2: Strikes out looking
|
Top of the 6th over - 0 runs, 0 hits, 0 errors, 0 left on base; Tennessee 3 - Colorado (EL) 6 |
BOTTOM OF THE 6TH |
Colorado (EL) Rockies batting - Pitching for Tennessee Smokies : RHP Karl Stuart
|
Batting: SHB Bobby Santor
|
0-0: Called Strike 0-1: Ball 1-1: Swinging Strike 1-2: Ball 2-2: Strikes out swinging
|
Pitching: RHP Gavrel Godziashvili
|
|
Batting: RHB Kevin Tangeman
|
0-0: Bunted foul 0-1: Swinging Strike 0-2: Ball 1-2: Ball 2-2: Strikes out swinging
|
Batting: RHB John Corfield
|
0-0: Ball 1-0: Called Strike 1-1: Fly out, F8 (Line Drive, 8LM, EV 93.8 MPH)
|
Bottom of the 6th over - 0 runs, 0 hits, 0 errors, 0 left on base; Tennessee 3 - Colorado (EL) 6 |
TOP OF THE 7TH |
Tennessee Smokies batting - Pitching for Colorado (EL) Rockies : RHP Pei Xie
|
Batting: RHB Sung-hwan Jung
|
0-0: Ground out 4-3 (Groundball, 4, EV 83.1 MPH)
|
Batting: RHB Jonathan Sotelo
|
0-0: Ball 1-0: Ball 2-0: Ground out U3 (Groundball, 3, EV 85.0 MPH)
|
Batting: RHB Jerry Blas
|
0-0: Called Strike 0-1: Called Strike 0-2: Ball 1-2: Ball 2-2: Ball 3-2: Base on Balls
|
Pitching: RHP Terry Sterling
|
|
Batting: RHB Eric Wiss
|
0-0: Fielders Choice at 2nd, U6 (Groundball, 6M, EV 79.4 MPH)
|
Top of the 7th over - 0 runs, 0 hits, 0 errors, 1 left on base; Tennessee 3 - Colorado (EL) 6 |
BOTTOM OF THE 7TH |
Colorado (EL) Rockies batting - Pitching for Tennessee Smokies : RHP Gavrel Godziashvili
|
Pitching: LHP Nate George
|
|
Batting: RHB Ray Insley
|
0-0: Called Strike 0-1: Ball 1-1: Fly out, F7 (Line Drive, 7S, EV 85.0 MPH)
|
Batting: RHB Chris Osting
|
0-0: Foul Ball, location: 2F 0-1: Foul Ball, location: 2F 0-2: DOUBLE (Line Drive, 8LXD, EV 100.0 MPH)
|
Batting: RHB Juan Gallardo
|
0-0: Swinging Strike 0-1: Ball 1-1: Ball 2-1: Foul Ball, location: 2F 2-2: SINGLE (Groundball, 56D, EV 105.0 MPH) Chris Osting to third Runner from 3rd tries for Home, SAFE, throw by LF to home
|
Batting: LHB Tom Bemis
|
0-0: Ball 1-0: Ball 2-0: Fielders Choice at 2nd, U6 (Groundball, 4MD, EV 86.2 MPH)
|
Batting: RHB Gashie Chimsima
|
0-0: Ball 1-0: Foul Ball, location: 2F 1-1: Called Strike 1-2: Ball 2-2: Ground out 4-3 (Groundball, 34S, EV 85.6 MPH)
|
Bottom of the 7th over - 1 run, 2 hits, 0 errors, 1 left on base; Tennessee 3 - Colorado (EL) 7 |
TOP OF THE 8TH |
Tennessee Smokies batting - Pitching for Colorado (EL) Rockies : RHP Terry Sterling
|
Pitching: LHP Kyle Mearkle
|
|
Batting: RHB David Barnard
|
0-0: Ball 1-0: Swinging Strike 1-1: Ball 2-1: Ball 3-1: SOLO HOME RUN (Flyball, 78XD, EV 101.2 MPH), Distance : 384 ft
|
Batting: RHB Brad Santanello
|
0-0: Called Strike 0-1: Called Strike 0-2: Strikes out swinging
|
Batting: LHB Angel Oropeza
|
0-0: Called Strike 0-1: Fly out, F7 (Flyball, 7LSF, EV 93.1 MPH)
|
Batting: RHB Armando Vilano
|
0-0: Ball 1-0: Ground out 6-3 (Groundball, 6S, EV 86.9 MPH)
|
Top of the 8th over - 1 run, 1 hit, 0 errors, 0 left on base; Tennessee 4 - Colorado (EL) 7 |
BOTTOM OF THE 8TH |
Colorado (EL) Rockies batting - Pitching for Tennessee Smokies : LHP Nate George
|
Pitching: RHP Trevor Woodbury
|
|
Batting: LHB Mike Clark
|
0-0: Ball 1-0: Called Strike 1-1: DOUBLE (Groundball, 5L, EV 102.5 MPH)
|
Batting: SHB Bobby Santor
|
0-0: Intentional Walk
|
Batting: RHB Kevin Tangeman
|
0-0: Sac Bunt to 25 - play at first, batter OUT! 5-3 Mike Clark to third Bobby Santor to second
|
Batting: RHB John Corfield
|
0-0: Called Strike 0-1: Called Strike 0-2: Foul Ball, location: 2F 0-2: Foul Ball, location: 2F 0-2: Ball 1-2: Foul Ball, location: 2F 1-2: Ball 2-2: Foul Ball, location: 2F 2-2: Ball 3-2: SINGLE (Line Drive, 8RS, EV 93.1 MPH) Mike Clark scores Bobby Santor to third
|
Batting: RHB Ray Insley
|
0-0: SINGLE (Groundball, 13, EV 89.4 MPH) (infield hit) Bobby Santor scores John Corfield to second
|
Batting: RHB Chris Osting
|
0-0: Called Strike 0-1: SINGLE (Line Drive, 9LS, EV 92.5 MPH) John Corfield to third Ray Insley to second
|
Batting: RHB Juan Gallardo
|
0-0: Foul Ball, location: 2F 0-1: Foul Ball, location: 2F 0-2: Ball 1-2: SINGLE (Groundball, 6MD, EV 103.8 MPH) John Corfield scores Ray Insley to third Chris Osting to second
|
Batting: LHB Tom Bemis
|
0-0: Foul Ball, location: 2F 0-1: Ball 1-1: Ball 2-1: Foul Ball, location: 2F 2-2: DOUBLE (Groundball, 3L, EV 102.5 MPH) Ray Insley scores Chris Osting scores Juan Gallardo to third
|
Pitching: RHP Ryan Masterson
|
|
Batting: RHB Gashie Chimsima
|
0-0: Ball 1-0: Ball 2-0: Ball 3-0: Called Strike 3-1: Foul Ball, location: 2F 3-2: Fly out, F7 (Flyball, 7, EV 90.0 MPH)
|
Batting: LHB Mike Clark
|
0-0: Called Strike 0-1: Called Strike 0-2: Foul Ball, location: 2F 0-2: Fly out, F9 (Flyball, 9LS, EV 89.4 MPH)
|
Bottom of the 8th over - 5 runs, 6 hits, 0 errors, 2 left on base; Tennessee 4 - Colorado (EL) 12 |
TOP OF THE 9TH |
Tennessee Smokies batting - Pitching for Colorado (EL) Rockies : LHP Kyle Mearkle
|
Batting: RHB Tim Long
|
0-0: Ball 1-0: Ball 2-0: Called Strike 2-1: Foul Ball, location: 2F 2-2: Foul Ball, location: 2F 2-2: Ball 3-2: SOLO HOME RUN (Flyball, 78XD, EV 108.8 MPH), Distance : 418 ft
|
Batting: RHB Sung-hwan Jung
|
0-0: Swinging Strike 0-1: SINGLE (Line Drive, 7LS, EV 100.6 MPH)
|
Batting: RHB Jonathan Sotelo
|
0-0: Called Strike 0-1: Ball 1-1: Ball 2-1: Ball 3-1: Foul Ball, location: 2F 3-2: SINGLE (Groundball, 5S, EV 71.2 MPH) (infield hit) Sung-hwan Jung to second
|
Batting: RHB Jerry Blas
|
0-0: Foul Ball, location: 2F 0-1: Swinging Strike 0-2: Strikes out swinging
|
Batting: RHB Eric Wiss
|
0-0: Called Strike 0-1: Called Strike 0-2: Ball 1-2: Ball 2-2: Ball 3-2: Foul Ball, location: 2F 3-2: Strikes out swinging
|
Pitching: RHP Jim Micaletti
|
|
Batting: RHB David Barnard
|
0-0: Ball 1-0: Ball 2-0: DOUBLE (Line Drive, 5D, EV 95.0 MPH) Sung-hwan Jung scores Jonathan Sotelo to third
|
Batting: RHB Brad Santanello
|
0-0: Called Strike 0-1: Called Strike 0-2: Foul Ball, location: 2F 0-2: Strikes out swinging
|
Top of the 9th over - 2 runs, 4 hits, 0 errors, 2 left on base; Tennessee 6 - Colorado (EL) 12 |
|